 Dungeon Sprint DCSS version 0.18.1-8-gdd0e5ea (webtiles) character file.

654 Hipnos the Geomancer (level 7, 0/35 HPs)
             Began as a Spriggan Earth Elementalist on May 21, 2016.
             Was a Priest of Sif Muna.
             Slain by Sonja
             ... wielding a +0 short sword of venom
              (1 damage)
             ... in the Dungeon (Sprint I: "Red Sonja").
             The game lasted 00:03:16 (443 turns).

Hipnos the Geomancer (Spriggan Earth Elementalist)   Turns: 443, Time: 00:03:17

Health: 0/35       AC:  4    Str:  4    XL:     7   Next: 29%
Magic:  0/20       EV: 22    Int: 19    God:    Sif Muna [***...]
Gold:   405        SH:  0    Dex: 16    Spells: 3 memorised, 17 levels left

rFire  . . .     SeeInvis +     b - 14 stones
rCold  . . .     Gourm    .     i - +2 robe {rN+}
rNeg   + . .     Faith    .     (shield restricted)
rPois  .         Spirit   .     (helmet restricted)
rElec  .         Dismiss  .     (no cloak)
rCorr  .         Reflect  .     (gloves unavailable)
SustAt .         Harm     .     (boots unavailable)
MR     +....     NoTele   +     (no amulet)
Stlth  +++.......               (no ring)
                                (no ring)

@: lethally poisoned (0 -> -48), very slightly contaminated, slowed, quick,
somewhat resistant to hostile enchantments, fairly stealthy
A: unfitting armour, see invisible, herbivore 3, speed 3, slow metabolism 2
a: Channel Energy, Renounce Religion


You were in the Dungeon.
You worshipped Sif Muna.
Sif Muna was most pleased with you.
You were not hungry.

You visited 1 branch You collected 405 gold pieces.

Inventory:

Missiles
 b - 14 stones (in hand)
Armour
 a - a +0 robe
 i - a +2 robe of positive energy (worn)
Wands
 k - a wand of iceblast (2/15)
Scrolls
 j - a scroll of blinking
Potions
 g - a potion of haste
 h - 2 potions of magic
Books
 c - a book of Geomancy

   Spells                             Type                      Level
   a - Sandblast                      Earth                        1
   b - Passwall                       Transmutation/Earth          2
   c - Stone Arrow                    Conjuration/Earth            3
   d - Petrify                        Transmutation/Earth          4
   e - Lee's Rapid Deconstruction     Earth                        5
Comestibles
 d - a bread ration


   Skills:
 + Level 2.1 Fighting
 + Level 6.8 Dodging
 - Level 3.0 Stealth
 + Level 1.5 Unarmed Combat
 + Level 8.7 Spellcasting
 - Level 2.3 Transmutations
 * Level 12.0 Earth Magic


You had 17 spell levels left.
You knew the following spells:

 Your Spells              Type           Power        Failure   Level  Hunger
a - Sandblast             Erth           ######       1%          1    None
b - Passwall              Trmt/Erth      #####.....   1%          2    None
c - Stone Arrow           Conj/Erth      ####..       1%          3    None


Dungeon Overview and Level Annotations

Branches:
Dungeon (1/1)

Altars:
Cheibriados
Dithmenos
Elyvilon
Fedhas
Gozag
Kikubaaqudgha
Makhleb
Nemelex Xobeh
Okawaru
Pakellas
Qazlal
Ru
Sif Muna
Trog
Vehumet
Xom
Yredelemnul
Zin
The Shining One
Jiyva

Shops:
D !

Annotations:
D Sonja


Innate Abilities, Weirdness & Mutations

You are tiny and cannot use many weapons and most armour.
You have supernaturally acute eyesight.
You are a herbivore.
You cover ground extremely quickly.
You need consume almost no food.


Message History

You are more poisoned.
Sonja hits you but does no damage.
You are more poisoned.
Sonja barely misses you. Sonja completely misses you.
Sonja hits you with an uncursed short sword of venom.
* * * LOW HITPOINT WARNING * * *
Casting: Stone Arrow
Confirm with . or Enter, or press ? or * to list all spells.
Aiming: Stone Arrow
Press: ? - help, Shift-Dir - straight line, f/p - Sonja
Aim: Sonja, wielding a short sword of venom (almost dead)
The stone arrow misses Sonja.
* * * LOW HITPOINT WARNING * * *
You feel very sick. Sonja barely misses you. Sonja hits you but does no damage.
Sonja hits you with an uncursed short sword of venom.
* * * LOW HITPOINT WARNING * * *
You are more poisoned.
Sonja hits you with an uncursed short sword of venom.
You die...

######################
#<.#..'..#..'..#__#..+
#..)..#..').#..'..'..#
#..#####'#####'#__####
#..####..#...#.####
#.)#__####..##.#
#..#_.___##'#..+
#⌠⌠#_.∩...'K(._#
####_..._##_@#'#
#_____###'#)# #######
#.### $.$ $.$ ##.##
#+#


You could see Sonja.

Vanquished Creatures
  A slime creature (D)
  Sigmund (D)
  A yak (D)
  An ogre (D)
  A jelly (D)
  Ijyb (D)
6 creatures vanquished.

Notes
Turn   | Place    | Note
--------------------------------------------------------------
     0 | D        | Hipnos the Spriggan Earth Elementalist began the quest for the Orb.
     0 | D        | Reached XP level 1. HP: 9/9 MP: 5/5
     2 | D        | Noticed Ijyb
    21 | D        | Killed Ijyb
    21 | D        | Reached skill level 5 in Earth Magic
    21 | D        | Reached XP level 2. HP: 14/14 MP: 1/8
    30 | D        | Learned a level 2 spell: Passwall
   100 | D        | Noticed an ogre
   111 | D        | Killed an ogre
   111 | D        | Reached skill level 1 in Fighting
   111 | D        | Reached skill level 5 in Dodging
   111 | D        | Reached skill level 7 in Earth Magic
   111 | D        | Reached XP level 3. HP: 18/18 MP: 5/10
   111 | D        | Reached XP level 4. HP: 22/22 MP: 5/11
   176 | D        | Learned a level 3 spell: Stone Arrow
   176 | D        | Noticed Sigmund
   180 | D        | Killed Sigmund
   180 | D        | Reached skill level 1 in Unarmed Combat
   180 | D        | Reached skill level 9 in Earth Magic
   180 | D        | Reached XP level 5. HP: 26/26 MP: 5/14
   180 | D        | Reached XP level 6. HP: 30/30 MP: 5/16
   263 | D        | Found a deep blue altar of Sif Muna.
   265 | D        | Found a radiant altar of Vehumet.
   269 | D        | Became a worshipper of Sif Muna the Loreminder
   273 | D        | Reached skill level 10 in Earth Magic
   305 | D        | Found Luzxaor's Distillery.
   305 | D        | Found a white marble altar of Elyvilon.
   305 | D        | Found a stormy altar of Qazlal.
   305 | D        | Found a burning altar of Makhleb.
   305 | D        | Found a sacrificial altar of Ru.
   305 | D        | Found an oddly glowing altar of Pakellas.
   305 | D        | Found a basalt altar of Yredelemnul.
   305 | D        | Found a glowing golden altar of the Shining One.
   305 | D        | Found a sparkling altar of Nemelex Xobeh.
   305 | D        | Found a shimmering altar of Xom.
   305 | D        | Found an opulent altar of Gozag.
   305 | D        | Found an ancient bone altar of Kikubaaqudgha.
   305 | D        | Found a glowing silver altar of Zin.
   305 | D        | Noticed a yak
   321 | D        | Killed a yak
   321 | D        | Reached * piety under Sif Muna
   321 | D        | Reached ** piety under Sif Muna
   321 | D        | Reached skill level 11 in Earth Magic
   333 | D        | Found an iron altar of Okawaru.
   334 | D        | Found a bloodstained altar of Trog.
   368 | D        | Found a snail-covered altar of Cheibriados.
   368 | D        | Found a viscous altar of Jiyva.
   368 | D        | Found a shadowy altar of Dithmenos.
   368 | D        | Found a blossoming altar of Fedhas.
   368 | D        | Noticed a slime creature
   378 | D        | Killed a slime creature
   378 | D        | Reached *** piety under Sif Muna
   378 | D        | Reached skill level 12 in Earth Magic
   378 | D        | Reached XP level 7. HP: 35/35 MP: 14/20
   433 | D        | Noticed Sonja
   443 | D        | HP: 1/35 [Sonja/uncursed short sword of venom (2)]
   443 | D        | Slain by Sonja

Skill      XL: |  1  2  3  4  5  6 |
---------------+-------------------+-----
Spellcasting   | 4 6 8 |  8.7
Earth Magic    | 5 7 9 12 | 12.0
Fighting       | 1 2 |  2.1
Dodging        | 5 6 |  6.8
Unarmed Combat | 1 |  1.5
Transmutations | 2 |  2.3
Stealth        | |  3.0

Action                   |  1- 3 |  4- 6 |  7- 9 || total
-------------------------+-------+-------+-------++-------
Melee: Unarmed           |    12 |       |       ||    12
 Cast: Sandblast         |     7 |    15 |     2 ||    24
       Stone Arrow       |       |     1 |     6 ||     7
  Use: Potion            |     1 |       |     2 ||     3
Armor: Robe              |       |       |     2 ||     2
Dodge: Dodged            |     8 |     2 |    12 ||    22
